Cogmind - Beta 17 @@@ ROGUE MODE // 2026.07.22 @ 11:14:01 Player: epicnox Result: Destroyed self with Grenade Launcher Performance ------------- Evolutions (0) 0 Regions Visited (4) 800 Robots Destroyed (20) 100 Value Destroyed (473) 473 Prototype IDs (25) 500 Alien Tech Used (0) 0 Bonus (300) 300 TOTAL SCORE: 2173 Bonus ------- Aligned with FarCom 300 Cogmind --------- Core Integrity 0/250 Matter 228/300 Energy 252/265 System Corruption 5% Temperature Warning (314) Movement Core (900) Ox17 Location -9/Mines Parts ------- > --- POWER (1) -------- Improved Ion Engine > --- PROPULSION (2) --- (None) > --- UTILITY (2) ------ High-capacity Storage Unit > --- WEAPON (2) ------- Beam Rifle Grenade Launcher > --- INVENTORY (20) --- Heat Sink Small Storage Unit High-capacity Storage Unit High-capacity Storage Unit Large Matter Pod (150) Large Matter Pod (120) Structural Scanner Targeting Computer Targeting Computer Skeleton Box Tractor Beam AWS/Autocannon Deploy-a-Sentry Deploy-a-Sentry Deploy-a-Sentry Peak State ------------ > --- POWER ------------ Improved Ion Engine > --- PROPULSION ------- Light Treads Light Treads > --- UTILITY ---------- High-capacity Storage Unit Skeleton Box > --- WEAPON ----------- Beam Cannon Plasma Flamer > --- INVENTORY -------- Heat Sink Small Storage Unit High-capacity Storage Unit High-capacity Storage Unit Large Matter Pod Large Matter Pod Structural Scanner Targeting Computer Targeting Computer Light Armor Plating Tractor Beam Beam Rifle AWS/Autocannon Grenade Launcher Grenade Launcher Deploy-a-Sentry Deploy-a-Sentry Deploy-a-Sentry [Rating: 23] Favorites ----------- Power Improved Ion Engine Engine Improved Ion Engine Propulsion Light Treads Treads Light Treads Utility Small Storage Unit Device Structural Scanner Storage Small Storage Unit Processor Transport Network Coupler Protection Light Armor Plating Weapon Beam Cannon Energy Gun Particle Gun Energy Cannon Beam Cannon Ballistic Gun Light Assault Rifle Launcher Grenade Launcher Special Weapon Plasma Flamer Build | -11 -10 -10 -10 -9 ------- Run | Yrd Mat Min Exi Min Slots Evolved . | . . . . . Power . | . . . . . Propulsion . | . . . . . Utility . | . . . . . Weapon . | . . . . . Parts Attached 23 | 8 4 5 2 4 Power 3 | 1 . 2 . . Engine 3 | 1 . 2 . . Core . | . . . . . Reactor . | . . . . . Propulsion 4 | 2 1 1 . . Treads 4 | 2 1 1 . . Leg . | . . . . . Wheel . | . . . . . Hover . | . . . . . Flight . | . . . . . Utility 7 | 2 2 . 2 1 Device 3 | 1 1 . 1 . Storage 2 | 1 . . 1 . Processor 1 | . 1 . . . Hackware . | . . . . . Protection 1 | . . . . 1 Artifact . | . . . . . Weapon 9 | 3 1 2 . 3 Energy Gun 3 | 1 1 1 . . Energy Cannon 1 | . . 1 . . Ballistic Gun 2 | 2 . . . . Ballistic Cannon . | . . . . . Launcher 2 | . . . . 2 Special Weapon 1 | . . . . 1 Impact Weapon . | . . . . . Slashing Weapon . | . . . . . Piercing Weapon . | . . . . . Special Melee Weapon . | . . . . . Unidentified Prototypes 1 | . . . 1 . Parts Lost 7 | . 1 . . 6 Power . | . . . . . Propulsion 2 | . . . . 2 Utility 2 | . 1 . . 1 Weapon 3 | . . . . 3 Highest Loss Streak 6 | . 1 . . 6 To Critical Strikes . | . . . . . Average Backups 8 | 2 6 7 11 14 Power . | . . . . . Propulsion . | . 1 . . . Utility 5 | . 2 5 8 10 Weapon 2 | 1 1 1 3 3 Tool/Special . | . . . . . Unused Backups 10 | . . 1 . 9 Power . | . . . . . Propulsion . | . . . . . Utility 9 | . . 1 . 8 Weapon 1 | . . . . 1 Tool/Special . | . . . . . Average Slot Usage (%) 99 | . 99 100 100 96 Engine 14 | . 14 14 14 14 Treads 27 | . 28 28 28 24 Device 13 | . 13 14 14 10 Storage 14 | . 14 14 14 14 Energy Gun 18 | . 25 14 14 10 Energy Cannon 8 | . . 13 14 10 Peak Build Rating 23 | 9 10 10 20 23 Average Rating 12 | 4 9 9 17 18 On Entrance 9 | . 9 9 10 20 Avg Prop Armor Cover (%) . | . . . . . Naked Turns . | . . . . . Heaviest Build 55 | 12 14 19 55 55 Greatest Support 40 | 40 40 40 40 40 Greatest Overweight (x) 2 | . . . 1 2 Average Overweight (x) . | . . . . 1 Largest Inventory Capacity 20 | 8 8 8 20 20 Average Capacity 10 | 7 8 8 16 20 Most Carried 20 | 5 8 8 20 20 Average Carried 9 | 2 6 7 14 19 Final Capacity 20 | 8 8 8 20 20 Final Carried 20 | 1 8 8 20 17 Class Distribution -------------------- 55% | Mutant 44% | Scavenger-Mutant Dominant Class ---------------- Mutant | -10/Materials Mutant | -10/Mines Scavenger-Mutant | -10/Exiles Scavenger-Mutant | -9/Mines Resources | -11 -10 -10 -10 -9 ----------- Run | Yrd Mat Min Exi Min Matter Collected 491 | 250 138 40 60 3 Remotely . | . . . . . Salvage Created 697 | 28 447 187 . 35 Parts 42 | 5 26 9 . 2 Haulers Intercepted 1 | . 1 . . . Recyclers Shooed 2 | . 2 . . . Parts Field Recycled . | . . . . . Retrieved Matter . | . . . . . Parts Self-Destructed . | . . . . . Prevented . | . . . . . Parts Restored . | . . . . . Kills | -11 -10 -10 -10 -9 ------- Run | Yrd Mat Min Exi Min Combat Hostiles Destroyed 25 | . 11 4 . 10 Guns 15 | . 11 3 . 1 Cannons 2 | . . 1 . 1 AOE 8 | . . . . 8 Classes Destroyed 7 | 1 4 1 . 1 Tunneler 1 | 1 . . . . Hauler 1 | . 1 . . . Recycler 1 | . 1 . . . Swarmer 7 | . 5 . . 2 Grunt 8 | . 6 2 . . Sentry 2 | . . 2 . . Assembled 8 | . . . . 8 Best Kill Streak 10 | 1 3 2 . 10 Combat Bots Only 10 | . 3 2 . 10 Max Kills in Single Turn 3 | 1 2 1 . 3 Gunslinging 1 | . 1 . . . Exploded 3 | . . . . 3 Melee . | . . . . . Uniques/NPCs Destroyed . | . . . . . Combat | -11 -10 -10 -10 -9 -------- Run | Yrd Mat Min Exi Min Hostile Shots Fired 100 | . 57 17 . 26 Missed 27 | . 20 4 . 3 Hits 73 | . 37 13 . 23 Melee 6 | . . . . 6 Projectile 67 | . 37 13 . 17 AOE 6 | . . . . 6 Critical Strikes 2 | . . 1 . 1 Part Disruptions 2 | . . . . 2 Damage Taken 1386 | . 384 190 . 812 Core 252 | . 69 62 . 121 Absorbed by Shields . | . . . . . Core Remaining (%) 100 | 100 . . . . Volleys Fired 72 | 7 43 10 1 11 Largest 2 | 1 2 2 2 2 Hottest 160 | 50 115 125 116 160 Shots Fired 124 | 7 76 20 2 19 Gun 101 | 7 76 10 1 7 Cannon 17 | . . 10 1 6 Launcher 5 | . . . . 5 Special 1 | . . . . 1 Kinetic 32 | . 32 . . . Thermal 87 | 7 44 20 2 14 Explosive 5 | . . . . 5 Electromagnetic . | . . . . . Robot Hit Streak 9 | 3 6 8 . 9 Robot Miss Streak 3 | 1 3 2 . 2 Penetration Max . | . . . . . Secondary Targets 1 | . 1 . . . Max Gunslinging Chain 1 | . 1 . . . Shots Hit Robots 82 | 6 51 14 . 11 Core Hits 54 | 2 23 7 . 22 Critical Kills . | . . . . . Critical Parts Destroyed . | . . . . . Critical Strikes 4 | . 4 . . . Burn 4 | . 4 . . . Melee Attacks . | . . . . . Impact . | . . . . . Slashing . | . . . . . Piercing . | . . . . . Sneak Attacks . | . . . . . Combat Hostiles . | . . . . . Follow-up Attacks . | . . . . . Damage Inflicted 1506 | 75 626 226 . 579 Guns 910 | 75 623 140 . 72 Cannons 156 | . . 86 . 70 Explosions 424 | . . . . 424 Melee . | . . . . . Ramming 3 | . 3 . . . Kinetic 188 | . 188 . . . Thermal 891 | 75 435 226 . 155 Explosive 424 | . . . . 424 Electromagnetic . | . . . . . Impact . | . . . . . Slashing . | . . . . . Piercing . | . . . . . Highest Corruption 5 | . . . . 5 Average Corruption 5 | . . . . 5 Corruption Purged . | . . . . . Corruption Blocked . | . . . . . Effects 1 | . . . . 1 Matter Fused 1 | . . . . 1 Overload Shots . | . . . . . Overflow Damage . | . . . . . Projectiles . | . . . . . Explosions . | . . . . . Melee . | . . . . . Knockbacks . | . . . . . Impact . | . . . . . Kinetic . | . . . . . Secondary . | . . . . . Self-Inflicted Damage 77 | . . . . 77 Shots 3 | . . . . 3 Rammed 1 | . 1 . . . Targets Rammed 1 | . 1 . . . Kicked . | . . . . . Crushed . | . . . . . Highest Temperature 458 | 60 458 435 57 294 Average Temperature 153 | 27 145 198 29 176 Received Heat Transfer 357 | . 129 108 . 120 Effects 2 | . 1 1 . . Shutdowns 1 | . . 1 . . Energy Bleed 1 | . 1 . . . Siege Activations . | . . . . . Martial Activations . | . . . . . Shielding Activations . | . . . . . Robots Disrupted . | . . . . . Combat Hostiles . | . . . . . Robots Corrupted . | . . . . . Combat Hostiles . | . . . . . Parts Fried . | . . . . . Impact Corruptions . | . . . . . Robots Melted . | . . . . . Combat Hostiles . | . . . . . Parts Melted 6 | . 5 1 . . Heat Transferred 2596 | 222 1443 518 . 413 Parts Sabotaged . | . . . . . Parts Stolen . | . . . . . Parts Stripped . | . . . . . Power Chain Reactions . | . . . . . Alert | -11 -10 -10 -10 -9 ------- Run | Yrd Mat Min Exi Min Maximum Alert Level . | . . . . . Low Security (%) 100 | 100 100 100 . 100 Level 1 . | . . . . . Level 2 . | . . . . . Level 3 . | . . . . . Level 4 . | . . . . . Level 5 . | . . . . . High Security . | . . . . . Max Security . | . . . . . Peak Influence 91 | 5 91 42 . 62 Initial 29 | . . 29 . . Average 9 | . 13 4 . 9 Influence Increases 442 | 5 284 91 . 62 Destroy 0b10 Robot/C 340 | . 220 80 . 40 Destroy 0b10 Robot/NC 15 | 5 10 . . . Destroy Leader 62 | . 42 10 . 10 Successful Hack 12 | . 12 . . . Destroy Structure 13 | . . 1 . 12 Influence Decreases 410 | 5 208 167 . 30 Entered New Map 47 | . . 47 . . Time Decay 323 | 5 198 120 . . Lost Part 40 | . 10 . . 30 Squads Dispatched 3 | . 2 . . 1 Investigation 3 | . 2 . . 1 Extermination . | . . . . . Reinforcement . | . . . . . Assault . | . . . . . Garrison . | . . . . . Intercept . | . . . . . Searches Triggered . | . . . . . Construction Impeded . | . . . . . Haulers Reinforced . | . . . . . Active Scanning Responses . | . . . . . Cargo Convoy Interrupts . | . . . . . Stealth | -11 -10 -10 -10 -9 --------- Run | Yrd Mat Min Exi Min Distress Signals 1 | . 1 . . . Communications Jammed . | . . . . . Distress Signals . | . . . . . Times Spotted 44 | . 18 4 . 22 Peak Tracking Total 14 | . 4 2 . 14 Tactical Retreats . | . . . . . Traps | -11 -10 -10 -10 -9 ------- Run | Yrd Mat Min Exi Min Traps Triggered 1 | . 1 . . . Indirectly . | . . . . . Trap Hack Attempts . | . . . . . Triggered . | . . . . . Disarmed . | . . . . . Reprogrammed . | . . . . . Reused . | . . . . . Traps Extracted . | . . . . . Installed . | . . . . . Triggered . | . . . . . Machines | -11 -10 -10 -10 -9 ---------- Run | Yrd Mat Min Exi Min Machines Disabled . | . . . . . Max in Single Turn . | . . . . . Machines Repaired . | . . . . . Machines Dismantled . | . . . . . Machines Sabotaged . | . . . . . Overloaded Fab Kills . | . . . . . Hacking | -11 -10 -10 -10 -9 --------- Run | Yrd Mat Min Exi Min Machines Accessed 11 | . 5 . 5 1 Terminals 5 | . 4 . . 1 Fabricators . | . . . . . Repair Stations . | . . . . . Recycling Units 1 | . 1 . . . Scanalyzers . | . . . . . Garrison Access . | . . . . . Total Hacks 67 | . 16 . 49 2 Successful 54 | . 5 . 49 . Failed 13 | . 11 . . 2 Catastrophic 3 | . 2 . . 1 Database Lockouts . | . . . . . Manual 20 | . 14 . 4 2 Terminals 16 | . 14 . . 2 Fabricators . | . . . . . Repair Stations . | . . . . . Recycling Units 2 | . 2 . . . Scanalyzers . | . . . . . Garrison Access . | . . . . . Terminal Hacks 53 | . 4 . 49 . Record 48 | . . . 48 . Robot Analysis 2 | . 2 . . . Prototype ID Bank 1 | . 1 . . . Branch Access Points 1 | . 1 . . . Proto ID Catalog 1 | . . . 1 . Fabricator Hacks . | . . . . . Repair Station Hacks . | . . . . . Recycling Unit Hacks 1 | . 1 . . . Retrieve Components 1 | . 1 . . . Scanalyzer . | . . . . . Garrison Access Hacks . | . . . . . Unauthorized Hacks . | . . . . . Terminals . | . . . . . Fabricators . | . . . . . Repair Stations . | . . . . . Recycling Units . | . . . . . Scanalyzers . | . . . . . Garrison Access . | . . . . . Data Cores Recovered . | . . . . . Used . | . . . . . Hacking Detections 4 | . 3 . . 1 Full Trace Events 2 | . 1 . . 1 Feedback Events . | . . . . . Feedback Blocked . | . . . . . Robot Schematics Acquired . | . . . . . Robots Built . | . . . . . Authchips . | . . . . . Time . | . . . . . Total Robot Build Rating . | . . . . . Part Schematics Acquired . | . . . . . Parts Built . | . . . . . Authchips . | . . . . . Time . | . . . . . Total Part Build Rating . | . . . . . Part Studies Acquired . | . . . . . Parts Repaired . | . . . . . Time . | . . . . . Parts Recycled . | . . . . . Recycled Matter . | . . . . . Retrieved Matter . | . . . . . Retrieved Components 1 | . 1 . . . Parts Scanalyzed . | . . . . . Part Schematics Acquired . | . . . . . Parts Damaged . | . . . . . Bothacking | -11 -10 -10 -10 -9 ------------ Run | Yrd Mat Min Exi Min Used RIF Installer . | . . . . . Robots Hacked . | . . . . . Non-combat . | . . . . . Combat . | . . . . . Robot Hacks Applied . | . . . . . Relay Couplers Released . | . . . . . Fabnet Peak Effective % . | . . . . . Robots Rewired . | . . . . . Allies Hacked . | . . . . . Hacks Repelled . | . . . . . Allies | -11 -10 -10 -10 -9 -------- Run | Yrd Mat Min Exi Min Total Allies . | . . . . . Largest Group . | . . . . . Highest-Rated Group . | . . . . . Highest-Rated Ally . | . . . . . Total Orders . | . . . . . Ally Attacks . | . . . . . Total Damage . | . . . . . Kills . | . . . . . Allies Corrupted . | . . . . . Allies Melted . | . . . . . Intel | -11 -10 -10 -10 -9 ------- Run | Yrd Mat Min Exi Min Active Infowar (turns) 3577 | 1 1797 1349 430 . Terrain 1179 | 1 1178 . . . Structural 2332 | . 553 1349 430 . T.N.C. 66 | . 66 . . . Robot Analysis Total 2 | . 2 . . . Derelict Logs Recovered 1 | . . 1 . . Drone Launches . | . . . . . Drone Recoveries . | . . . . . Exploration | -11 -10 -10 -10 -9 ------------- Run | Yrd Mat Min Exi Min Turns Passed 5152 | 87 1834 1349 1806 76 Spaces Moved 2085 | 42 374 799 853 17 Core 10 | 10 . . . . Treads 2075 | 32 374 799 853 17 Legs . | . . . . . Wheels . | . . . . . Hover . | . . . . . Flight . | . . . . . Fastest Speed 50 | 50 160 160 160 240 Average Speed 179 | 133 160 160 206 249 Slowest Speed 320 | 160 160 160 240 320 Overloaded Moves . | . . . . . Propulsion Burnouts . | . . . . . Robots Hopped . | . . . . . Potential Cave-ins . | . . . . . Cave-ins Triggered 1 | . . . . 1 Exploration Rate (%) 52 | 4 63 99 92 6 Regions Visited 4 Branch Regions 3 Pre-discovered Areas 1 | . . . 1 . Known Exits Taken 1 | . 1 . . . Unknown Exits Taken 3 | 1 . 1 1 . Scrap Searched 2 | . . 2 . . Spaces Dug . | . . . . . Terrain Destroyed 42 | . . . . 42 Melee . | . . . . . Projectile . | . . . . . AOE 42 | . . . . 42 Terrain Rammed . | . . . . . Walls Destroyed . | . . . . . Machines Disabled . | . . . . . Actions | -11 -10 -10 -10 -9 --------- Run | Yrd Mat Min Exi Min Total 3386 | 65 1539 852 897 33 Wait 1143 | . 1100 25 18 . Move 2081 | 41 373 798 852 17 Hop . | . . . . . Pick Up 43 | 8 11 7 17 . Fast Attach . | . . . . . Attach 13 | 7 2 1 . 3 Detach 1 | . 1 . . . Swap 15 | 2 5 4 2 2 Drop 17 | . 3 7 7 . Fire 72 | 7 43 10 1 11 Melee . | . . . . . Ram . | . . . . . Kick . | . . . . . Crush 1 | . 1 . . . Escape Stasis . | . . . . . Rewire . | . . . . . Trap . | . . . . . Miscellaneous . | . . . . . Route ------- -11/Scrapyard -10/Materials (discovered 3 exits: [*Mat] / *Min / [Sub]) -10/Mines (discovered 4 exits: [*Mat x2] / *Exi / [*Sub]) -10/Exiles (discovered 2 exits: *Min x2) -9/Mines History --------- Turn | Location | Event 6 | -11/Scrapyard | Discovered new exit (range 16) 88 | -11/Scrapyard | Entered Materials 303 | -10/Materials | Build established: Mutant 1554 | -10/Materials | Identified exit to Mines 1744 | -10/Materials | Discovered new exit (range 14) 1844 | -10/Materials | Discovered new exit (range 9) 1922 | -10/Materials | Entered Mines 2145 | -10/Mines | Discovered new exit (range 15) 2478 | -10/Mines | Discovered new exit (range 5) 2498 | -10/Mines | Core integrity fell below 50% 2665 | -10/Mines | Deemed a non-threat by the Exiles lab entrance 2665 | -10/Mines | Discovered new exit (range 6) 2709 | -10/Mines | Discovered new exit (range 5) 3146 | -10/Mines | Build established: Scavenger-Mutant 3189 | -10/Mines | A weapon hastily lodged in a ceiling crevice suddenly fell to the ground 3271 | -10/Mines | Entered Exiles 3311 | -10/Exiles | Discovered new exit (range 14) 3354 | -10/Exiles | Met 8R-AWN 3386 | -10/Exiles | Met EX-HEX 3453 | -10/Exiles | Met EX-DEC 3466 | -10/Exiles | Learned location of Zion (-7) 3517 | -10/Exiles | Met EX-BIN 3541 | -10/Exiles | Aligned with FarCom system 3543 | -10/Exiles | Given EX-Vault access code 3680 | -10/Exiles | Opened EX-Vault 3698 | -10/Exiles | Found Prototype Device 3701 | -10/Exiles | Identified Skeleton Box 3713 | -10/Exiles | Found Prototype Ballistic Cannon 3720 | -10/Exiles | Identified AWS/Autocannon 3755 | -10/Exiles | Warned to stay clear of 0b10 Research branches 4121 | -10/Exiles | Found Deploy-a-Sentry 4124 | -10/Exiles | Found Deploy-a-Sentry 4128 | -10/Exiles | Found Deploy-a-Sentry 4366 | -10/Exiles | Visited The Gauntlet 5007 | -10/Exiles | Discovered new exit (range 11) 5077 | -10/Exiles | Stole three prototypes: Skeleton Box, AWS/Autocannon, Deploy-a-Sentry 5077 | -10/Exiles | Entered Mines 5083 | -9/Mines | Assembled infested the area 5088 | -9/Mines | Assisted by a Guerilla fighting off Assembled 5151 | -9/Mines | Crushed by falling debris 5151 | -9/Mines | Core integrity fell below 20% 5153 | -9/Mines | Destroyed self with Grenade Launcher Last Messages --------------- as-84539 destroyed. The unstable cave ceiling collapses. as-57371 destroyed. as-21126 destroyed. Grenade Launcher destroyed. The unstable cave ceiling collapses. as-82451 destroyed. Destroyed Asb. Hover Unit. as-13046 destroyed. as-27864 destroyed. The unstable cave ceiling collapses. Crushed by falling debris. Lgt. Treads destroyed. System corrupted by crushing effect (+5). The unstable cave ceiling collapses. System corrupted: Matter fused (-5). Acquired 3 matter. as-99035 destroyed. Lgt. Armor Plating destroyed. Destroyed Lgt. Armor Plating. Map ----- +----------------------------------------------------+ | ???????????????????????????????????????? | | ???????????????????????????????????????? | | ???????????????????????????????????????? | | ???????????????????????????????????????? | | ???????????????????????????????????????? | | ???????????????????????????????????????? | | ???????????????????????????????????????? | | ???????????????????????????????????????? | | ???????????????????????????????????????? | | ?????????######????????????????????????? | | ?????????# #????????????????????????? | | ?????????# #??????? ?????????????? | | ?????????# ##### ??????????????? | | ?????????# #?????????????????? | | ????????## #?????????????????? | | ????????#T g #????????????????????????? | | ????????### ###????????????????????????? | | ?????????##g#??????????????????????????? | | ?????????# #####??????????????????????? | | ?????????# # ###????????????????????? | | ?????????# ##???????????????????? | | ?????????# %[ ####?????????????????? | | ?????????# ##????????????????? | | ?????????# % #????????????????? | | ??????????# ##???????????????? | | ??????????# % @ #???????????????? | | ??????????## #???????????????? | | ???????????# a #???????????????? | | ???????????# a ##???????????????? | | ???????????## # #????????????????? | | ????????????#### #????????????????? | | ????????????????##a ###????????????????? | | ?????????????????? ##??????????????????? | | ?????????????????? ???????????????????? | | ??????????????????? ???????????????????? | | ??????????????????? #??????????????????? | | ????????????????????#??????????????????? | | ???????????????????????????????????????? | | ???????????????????????????????????????? | | ???????????????????????????????????????? | | ???????????????????????????????????????? | | ???????????????????????????????????????? | | ???????????????????????????????????????? | | ???????????????????????????????????????? | | ???????????????????????????????????????? | | ???????????????????????????????????????? | | ???????????????????????????????????????? | | ???????????????????????????????????????? | | ???????????????????????????????????????? | | ???????????????????????????????????????? | +----------------------------------------------------+ Best States ------------- Heat Dissipation 25 Energy Generation 12 Energy Capacity 265 Matter Stores 300 Matter Capacity 300 Sight Range 16 Terrain Scan Range 16 Terrain Scan Density 10 Armor Coverage 150 Evasion (%) 50 Recoil Reduction 2 Item Schematics ----------------- None Robot Schematics ------------------ None Fabricated ------------ Nothing Repaired ---------- Nothing Studied --------- None Alien Tech Used ----------------- None Achievements -------------- Librarian Sixth Sense Challenges ------------ None Game ------ Seed VampiricVisualPenetrator Manual? 0 Play Time 00:53:58 Cumulative 13.7 hours Start 2026.07.20 @ 16:22:49 End 2026.07.22 @ 11:14:01 Sessions 7 Manual Loads 0 Difficulty Rogue Special Mode None Game No. 26 Rogue 26 Adventurer 0 Explorer 0 Win Type - Total 0 Types 0/0/0/0/0/0/0/0/0/0 Lore% 7 Gallery% 11 Achievement% 13 Wizard Run 0 Options --------- Layout 0 ASCII 0 Keyboard 0 Movement Numpad Keybinds 0 Fullscreen 1 Font 18/SmallcapsGlow Map View 38x25 Zoom Use 67% Tactical HUD 0 Map Filters NONE Filters NONE Steam 1 RUN: 6d3b4d21-b32e-4f37-82b3-87a3c2904c09